cohdb
Replays
Latest Replays
All Replays
Popular Replays
Top Player Replays
Match Explorer
How It Works
Community
CoH3 Stats
Reddit
Sign in to upload your games and track your stats! →
Sign in with Steam
Match 40675364
Unlisted
Match 40675364
Overview
Messages
Build Orders
End
Engineer Squad
Selects Heavy Weapons
Construct Weapon Support Center
M1919 Machine Gun Team
Sniper
Mechanized Support Center
Bazooka Squad
M3 Armored Personnel Carrier
Selects Assault Carriers
Designate Forward Repair Station
Selects Exchangeable Parts
Construct Medical Station
Bazooka Squad
Improved M9 Bazooka Rockets
Selects M2HB .50cal Heavy Machine Gun
M1919 Machine Gun Team
Improvised Armor
Construct Tank Depot
Engineer Squad
Selects Rapid Reposition
Salvage Crew
M4A1 Sherman Medium Tank
M4A1 76mm Conversion
Guziol#
只愛❤毛妹
0
0
Comments
sign in to comment!
No comments posted yet!